 Dungeon Crawl Stone Soup version 0.15-a0-2243-g1ac2e52 (webtiles) character file.

2558 Econoterrorist the Basher (level 9, 0/51 HPs)
             Began as a Gargoyle Fighter on July 25, 2014.
             Slain by a skeletal warrior
             ... wielding a +0 dire flail
              (8 damage)
             ... on Level 7 of the Dungeon.
             The game lasted 00:30:44 (6628 turns).

Econoterrorist the Basher (Gargoyle Fighter)        Turns: 6628, Time: 00:30:44

HP   0/51        AC 17     Str 25      XL: 9   Next: 56%
MP   9/9         EV  5     Int 12      God:
Gold 383         SH  9     Dex  9      Spells:  0 memorised,  8 levels left

rFire  + . .     SeeInvis .     x - +2 whip (elec)
rCold  + . .     Clarity  +     q - +0 chain mail
rNeg   + . .     rCorr    .     c - +0 shield
rPois  +         rRot     +     (no helmet)
rElec  +         Spirit   .     f - +0 cloak
SustAb .         Warding  .     y - +0 pair of gloves
rMut   .         Stasis   .     (no boots)
Gourm  .                        E - amulet of clarity
MR     .....                    (no ring)
                                u - ring of teleport control

@: mighty, resistant, very slightly contaminated, hasted, very quick, not
resistant to hostile enchantments, extremely unstealthy
A: negative energy resistance 1, electricity resistance, unbreathing,
petrification resistance, rot immunity, AC +5
a: Evoke Teleport Control


You were on level 7 of the Dungeon.
You were not hungry.

You visited 1 branch of the dungeon, and saw 7 of its levels.

You collected 383 gold pieces.

Inventory:

Hand weapons
 a - a +0 flail
 x - a +2 whip of electrocution (weapon)
Missiles
 i - 8 javelins (quivered)
Armour
 c - a +0 shield (worn)
 f - a +0 cloak (worn)
 q - a +0 chain mail (worn)
 y - a +0 pair of gloves (worn)
Magical devices
 r - a wand of enslavement (13)
 w - a wand of frost (7)
Comestibles
 d - 7 bread rations
 h - 2 beef jerkies
 n - 3 meat rations
 B - a slice of pizza
 D - 8 fruits
Scrolls
 g - 2 scrolls of remove curse
 j - 3 scrolls of immolation {unknown}
 k - a scroll of blinking {unknown}
 l - 2 scrolls of magic mapping {unknown}
 m - a scroll of teleportation {unknown}
 p - 2 scrolls of amnesia {unknown}
 s - a scroll of enchant weapon {unknown}
 t - 9 scrolls of identify {unknown}
 F - a scroll of fear {unknown}
 G - a scroll of torment {unknown}
 I - a scroll of fog {unknown}
Jewellery
 u - a ring of teleport control (left hand)
 E - an amulet of clarity (around neck)
Potions
 b - a potion of haste
 e - a potion of might
 o - a potion of resistance
 v - 2 potions of heal wounds {unknown}
 z - a potion of berserk rage {unknown}
 A - a potion of confusion {unknown}
 C - a potion of restore abilities {unknown}
Books
 J - a book of the Dragon

   Spells                             Type                      Level
   Flight                             Charms/Air                   3
   Cause Fear                         Hexes                        4
   Bolt of Fire                       Conjuration/Fire             6
   Dragon Form                        Transmutation                7
   Dragon's Call                      Summoning                    9
Magical staves
 H - an uncursed staff of fire


   Skills:
 - Level 3.2 Fighting
 + Level 12.5 Maces & Flails
 - Level 3.2 Armour
 - Level 3.2 Shields


You had 8 spell levels left.
You didn't know any spells.

Dungeon Overview and Level Annotations

Branches:
Dungeon (7/15)
 Temple: D:4-7

Altars:
Fedhas
Nemelex Xobeh


Innate Abilities, Weirdness & Mutations

You are resistant to torment.
You are immune to poison.
Your stone body is very resilient (AC +5).
You resist negative energy.
You are resistant to electric shocks.
You can survive without breathing.
You are immune to petrification.
You are immune to rotting.


Message History

The skeletal warrior is lightly damaged.
You barely miss the skeletal warrior.
The skeletal warrior is lightly damaged.
The skeletal warrior hits you with a dire flail!
* * * LOW HITPOINT WARNING * * *
The skeletal warrior hits you but does no damage.
You hit the skeletal warrior but do no damage.
There is a sudden explosion of sparks!
The skeletal warrior is moderately damaged.
Drink which item? (? for menu, Esc to quit)
You feel yourself speed up.
It was a potion of haste.
The skeletal warrior hits you but does no damage.
The skeletal warrior hits you with a dire flail.
* * * LOW HITPOINT WARNING * * *
You are very lightly contaminated with residual magic.
Drink which item? (? for menu, Esc to quit)
You feel protected.
It was a potion of resistance.
The skeletal warrior hits you with a dire flail!
You die...

.. ...
..... .#?#
#...#
.P..#
##P...#
#@zz..#
#z#g......
#c# ....#
#.# .#.#
#.# ..#
..# # ...
.## .


You could see 3 skeletal warriors, 2 active ballistomycetes, a centaur and a
hobgoblin.

Vanquished Creatures
  A skeletal warrior (D:7)
  Prince Ribbit (D:4)
  3 centaurs (D:6)
  2 sky beasts
  6 necrophages
  An orc warrior (D:6)
  2 giant frogs (D:6)
  A water moccasin skeleton (D:4)
  A hippogriff zombie (D:6)
  2 scorpions
  A centaur zombie (D:6)
  2 orc priests (D:6)
  3 hounds
  An elf skeleton (D:6)
  2 orc wizards (D:4)
  2 worker ants
  A hound zombie (D:5)
  A worker ant zombie (D:6)
  7 adders
  A gnoll (D:4)
  7 worms
  6 giant geckos
  22 orcs
  3 ball pythons
  A bat skeleton (D:5)
  A bat zombie (D:6)
  4 giant cockroaches
  30 hobgoblins
  4 jackals
  22 kobolds
  An ooze (D:1)
  2 quokkas
  11 bats
  3 giant newts
  20 goblins
  An orc zombie (D:6)
  12 rats
  A rat skeleton (D:5)
  2 ballistomycetes (D:6)
194 creatures vanquished.

Vanquished Creatures (others)
  A giant frog (D:6)
  2 giant spores
  A ballistomycete (D:7)
  A bush (D:6)
  5 plants (D:6)
10 creatures vanquished.

Grand Total: 204 creatures vanquished

Notes
Turn   | Place    | Note
--------------------------------------------------------------
     0 | D:1      | Econoterrorist, the Gargoyle Fighter, began the quest for the Orb.
     0 | D:1      | Reached XP level 1. HP: 14/14 MP: 1/1
     0 | D:1      | Noticed a centaur zombie
     5 | D:1      | Noticed a spriggan zombie
     6 | D:1      | Noticed a merfolk zombie
    12 | D:1      | Noticed a formicid zombie
    12 | D:1      | Noticed a merfolk zombie
    16 | D:1      | Noticed a troll zombie
    16 | D:1      | Noticed a formicid zombie
    18 | D:1      | Noticed a troll zombie
   212 | D:1      | Reached XP level 2. HP: 19/19 MP: 2/2
   479 | D:1      | Found a sparkling altar of Nemelex Xobeh.
   928 | D:2      | Reached XP level 3. HP: 23/23 MP: 3/3
  1144 | D:2      | Reached skill level 4 in Maces & Flails
  1213 | D:2      | Reached XP level 4. HP: 20/28 MP: 4/4
  1993 | D:3      | Reached skill level 5 in Maces & Flails
  2002 | D:3      | Reached XP level 5. HP: 26/32 MP: 5/5
  2996 | D:4      | Reached skill level 6 in Maces & Flails
  2996 | D:4      | Reached XP level 6. HP: 21/37 MP: 6/6
  3483 | D:4      | Noticed Prince Ribbit
  3494 | D:4      | Killed Prince Ribbit
  3494 | D:4      | Reached skill level 7 in Maces & Flails
  3494 | D:4      | Reached XP level 7. HP: 11/41 MP: 7/7
  4400 | D:4      | Reached skill level 8 in Maces & Flails
  4570 | D:5      | Entered Level 5 of the Dungeon
  5003 | D:5      | Reached skill level 9 in Maces & Flails
  5003 | D:5      | Reached XP level 8. HP: 43/46 MP: 8/8
  5347 | D:6      | Found a blossoming altar of Fedhas.
  5578 | D:6      | Reached skill level 10 in Maces & Flails
  5657 | D:6      | Reached skill level 11 in Maces & Flails
  5802 | D:6      | Reached XP level 9. HP: 51/51 MP: 9/9
  6595 | D:7      | Noticed a skeletal warrior
  6595 | D:7      | Noticed a skeletal warrior
  6595 | D:7      | Noticed a skeletal warrior
  6595 | D:7      | Noticed a skeletal warrior
  6607 | D:7      | Killed a skeletal warrior
  6607 | D:7      | Reached skill level 12 in Maces & Flails
  6628 | D:7      | Slain by a skeletal warrior

Action                   |  1- 3 |  4- 6 |  7- 9 || total
-------------------------+-------+-------+-------++-------
Melee: Flail             |   113 |   210 |   112 ||   435
       Whip              |       |    87 |   291 ||   378
Evoke: Wand              |       |     3 |     3 ||     6
  Use: Scroll            |     1 |     1 |       ||     2
       Potion            |       |       |     3 ||     3
  Eat: Chunk             |       |     9 |     8 ||    17
       Royal jelly       |       |       |     1 ||     1
